AoeStats
← adrazduarte

Arabia

510449819Analyzed
1v1 RM · 8h ago on Oct 1, 2026· 25m 42s· 2 players
Game mode
Random Map
Map size
Tiny (2 player)
Population
200
Speed
Normal
Resources
Standard
Victory
Conquest
Starting age
Dark Age
Ending age
Imperial Age
RankedLock teamsTeams togetherTeam positionsShared explorationLock speedFull tech treeHidden civsTurbo modeCheats
Victory
Defeat
🇨🇱 Aztecs · Chile
1193
+17
🇲🇽 Wei · Mexico
1212
-17
Tirano
6:36 Loom
9:09 Feudal Age
20:03 Castle Age
18:25 Scale Mail Armor
18:36 Forging
18:27 Arson
20:08 Gold Mining
21:19 Chain Mail Armor
21:39 Iron Casting
20:48 Eagle Warrior
22:30 Squires
24:58 Iron Casting
adrazduarte
6:50 Loom
9:11 Feudal Age
10:00 Double-Bit Axe
16:23 Fletching
21:41 Castle Age
20:26 Scale Barding Armor
21:39 Padded Archer Armor
21:49 Gold Mining
22:32 Bloodlines
21:53 Crossbowman
23:58 Forging
Connection lost

Rejoining the realm…

Still unreachable

The connection could not be restored.

Session expired

The server has moved on; the page needs a fresh start.